[Event "FIDE U16 Olympiad_boards_1-80"]
[Site "Eindhoven, Netherlands"]
[Date "2023.08.13"]
[Round "1.54"]
[White "Savitskiy, Vladimir"]
[Black "Han, Johnathan"]
[Result "0-1"]
[TimeControl "2700+10"]
[WhiteElo "1513"]
[BlackElo "2199"]

1. d4 Nf6 2. Nc3 d5 3. Bf4 g6 4. e3 Bg7 5. h4 h5 6. Nf3 O-O 7. Ne5 c5 8. Qd2 cxd4 9. exd4 Nc6 10.
Bb5 Bd7 11. Bxc6 bxc6 12. O-O-O Qa5 13. Kb1 Rfc8 14. Ne4 Qxd2 15. Nxd2 Bf5 16. Nb3 Ne4 17. Nd3 f6 18. f3 Nd6 19.
Rhe1 Kf7 20. Nbc5 Re8 21. Re2 Nb5 22. Nb3 Bxd3 23. cxd3 e5 24. dxe5 fxe5 25. Bh2 a5 26. a4 Nd6 27.
Rde1 Nf5 28. Bxe5 Bxe5 29. Rxe5 Nxh4 30. Rxe8 Rxe8 31. Rxe8 Kxe8 32. Nxa5 Nxg2 33. Nxc6 h4 34. Ne5 Ne3 35. f4 h3 36. Nf3 Nf1 37. a5 Nd2+ 38. Ka2 Nxf3 39. a6 h2 40.
a7 h1=Q 41. a8=Q+ Ke7 42. Qb7+ Ke6 43. Qc8+ Ke7 44. Qc7+ Kf6 45. Qd8+ Kf5 46. Qf8+ Kg4 47. Qg8 Qh5 48. b4 Nd4 49.
Qg7 Ne6 50. Qd7 Qf5 51. b5 Nd4 52. Qb7 Qxd3 53. Qc8+ Kg3 54. Kb2 Qxb5+ 55. Kc3 Qc6+ 0-1

[Event "FIDE U16 Olympiad_boards_1-80"]
[Site "Eindhoven, Netherlands"]
[Date "2023.08.13"]
[Round "1.55"]
[White "Chen, Max"]
[Black "Momyn, Madina"]
[Result "1-0"]
[TimeControl "2700+10"]
[WhiteElo "2049"]
[BlackElo "1469"]

1. e4 c6 2. Nf3 d5 3. exd5 cxd5 4. Ne5 Nf6 5. d4 Nbd7 6. Bd3 Qc7 7. Qe2 e6 8. O-O Bd6 9. Re1 O-O 10.
c3 Re8 11. Nd2 Nf8 12. Ndf3 N6d7 13. h4 f6 14. Ng4 e5 15. dxe5 Nxe5 16. Ne3 Bg4 17. Bc2 Nxf3+ 18. gxf3 Bh5 19.
Qd1 Bf7 20. Nf5 Rxe1+ 21. Qxe1 Re8 22. Be3 Bc5 23. Rd1 Ng6 24. Qd2 Ne5 25. Kg2 Nc4 26. Qc1 Nxe3+ 27. fxe3 Bg6 28. Rxd5 Bxf5 29.
Bxf5 Bxe3 30. Qd1 Bf2 31. Rd6 Bc5 32. Rd7 Qe5 33. Be4 Bb6 34. Qb3+ Kh8 35. Qf7 Rg8 36. Rd5 Qe8 37. Qxb7 f5 38.
Rxf5 Qd8 39. Qd5 Qxh4 40. Qxg8+ 1-0

[Event "FIDE U16 Olympiad_boards_1-80"]
[Site "Eindhoven, Netherlands"]
[Date "2023.08.13"]
[Round "1.56"]
[White "Kazhiakhmetova, Yerkenaz"]
[Black "Jiang, Kate Yuhua"]
[Result "1-0"]
[TimeControl "2700+10"]
[WhiteElo "1379"]
[BlackElo "1770"]

1. d4 d5 2. Nf3 Nf6 3. g3 e6 4. Bg2 c5 5. O-O Nc6 6. c4 dxc4 7. dxc5 Qxd1 8. Rxd1 Bxc5 9. Nbd2 Ng4 10.
Ne4 Be7 11. h3 Nge5 12. Nxe5 Nxe5 13. Bf4 Nd7 14. Nd6+ Bxd6 15. Bxd6 f6 16. Rac1 Nb6 17. Kh2 Kf7 18. Bc7 e5 19.
a3 Be6 20. Bxb7 Rae8 21. Bxb6 axb6 22. Ba6 Rd8 23. Rxd8 Rxd8 24. Bxc4 Rd6 25. Bxe6+ Rxe6 26. Rc7+ Kg6 27. g4 Rd6 28.
Rc2 h5 29. Kg3 Kh6 30. e3 g5 31. Kf3 Kg6 32. Rc8 hxg4+ 33. hxg4 Rd2 34. b4 Rd6 35. Rb8 Kf7 36. a4 Ke7 37.
a5 bxa5 38. bxa5 Ra6 39. Rb5 Kd7 40. Ke4 Ke7 41. Kf5 Ra7 42. f3 Kf7 43. Ke4 Ke7 44. Kd5 Kd7 45. Kc4 Ke7 46. Kb4 Kf7 47. Rb6 Ke7 48. Kb5 Ra8 49. a6 Rc8 50. a7 Ra8 51.
Ka6 Kd7 52. Kb7 1-0

[Event "FIDE U16 Olympiad_boards_1-80"]
[Site "Eindhoven, Netherlands"]
[Date "2023.08.13"]
[Round "1.57"]
[White "Hashimoto, Shunji"]
[Black "Piliposyan, Robert"]
[Result "0-1"]
[TimeControl "2700+10"]
[WhiteElo "1789"]
[BlackElo "2265"]

1. d4 Nf6 2. Nf3 d5 3. Bf4 c5 4. c3 e6 5. e3 Nc6 6. Bd3 Bd6 7. Bg3 O-O 8. Nbd2 Qe7 9. O-O Bxg3 10.
hxg3 e5 11. dxe5 Nxe5 12. Nxe5 Qxe5 13. Nf3 Qc7 14. Qc2 h6 15. Rad1 Be6 16. Be2 Rad8 17. Nd2 Rd7 18. Bf3 Rfd8 19.
Nb3 b6 20. Rd2 Qe5 21. Rfd1 Bf5 22. Qc1 g5 23. Re1 g4 24. Be2 Ne4 25. Rdd1 h5 26. Nd2 Nf6 27. c4 Be6 28. cxd5 Bxd5 29.
Bb5 Rd6 30. b3 Bb7 31. Qc2 a6 32. Bf1 b5 33. a4 Bc6 34. Nb1 Ne4 35. axb5 axb5 36. Na3 Rd2 37. Qc1 Qf6 38. Rxd2 Rxd2 39.
Rd1 Qxf2+ 40. Kh2 Qxg3+ 41. Kg1 Qxe3+ 42. Kh1 Nf2+ 0-1

[Event "FIDE U16 Olympiad_boards_1-80"]
[Site "Eindhoven, Netherlands"]
[Date "2023.08.13"]
[Round "1.58"]
[White "Gasparyan, Erik R."]
[Black "Muto, Yuhiro"]
[Result "1-0"]
[TimeControl "2700+10"]
[WhiteElo "2272"]
[BlackElo "1626"]

1. e4 e5 2. Nf3 Nc6 3. Bb5 a6 4. Ba4 Nf6 5. O-O Be7 6. Re1 b5 7. Bb3 d6 8. c3 Na5 9. Bc2 c5 10. d4 Qc7 11. Nbd2 O-O 12.
d5 Re8 13. Nf1 h6 14. Ng3 Bf8 15. b3 c4 16. b4 Nb7 17. a4 Bd7 18. a5 Bg4 19. h3 Bh5 20. Nxh5 Nxh5 21. Nxe5 Rxe5 22.
f4 Nxf4 23. Bxf4 Ree8 24. Qd4 g5 25. Be3 Nd8 26. Rf1 Bg7 27. Qd2 Qe7 28. Rf5 f6 29. e5 fxe5 30. Be4 Nf7 31. Raf1 Rf8 32. Qe2 Nh8 33. Qg4 Rf6 34. h4 Raf8 35. hxg5 Rxf5 36. Bxf5 hxg5 37.
Bxg5 Qa7+ 38. Kh2 Nf7 39. Be6 e4 40. Bh6 Qe7 41. Qxg7# 1-0

[Event "FIDE U16 Olympiad_boards_1-80"]
[Site "Eindhoven, Netherlands"]
[Date "2023.08.13"]
[Round "1.59"]
[White "Tatsumi, Kai"]
[Black "Agasarov, Benik"]
[Result "0-1"]
[TimeControl "2700+10"]
[WhiteElo "1154"]
[BlackElo "2182"]

1. e4 c5 2. Nf3 e6 3. d4 cxd4 4. Nxd4 Nc6 5. Nb5 Nf6 6. N1c3 Bb4 7. Bd3 a6 8. Na3 d5 9. exd5 Nxd5 10.
Bd2 Nxc3 11. Bxc3 Bxc3+ 12. bxc3 Qa5 13. Nb1 O-O 14. O-O Rd8 15. Qg4 Ne5 16. Qg3 Bd7 17. Nd2 Nxd3 18. cxd3 Qxc3 19.
Ne4 Qd4 20. Rac1 Bb5 21. Rfd1 h6 22. Qf3 Rac8 23. Rxc8 Rxc8 24. h3 Rc2 25. Rd2 Rc1+ 26. Kh2 Bc6 27. Qe2 Qa1 28. Qh5 Bxe4 29.
Qa5 Bd5 30. Re2 Rh1+ 31. Kg3 Qf6 32. Qb4 Qg5+ 33. Qg4 Qxg4+ 34. hxg4 Ra1 35. Rc2 Rxa2 36. Rc7 Ra3 37. Kf4 Rxd3 38.
g5 hxg5+ 39. Kxg5 Bxg2 40. f4 Be4 41. f5 Bxf5 42. Rc8+ Kh7 43. Rc4 f6+ 44. Kh4 Rh3# 0-1

[Event "FIDE U16 Olympiad_boards_1-80"]
[Site "Eindhoven, Netherlands"]
[Date "2023.08.13"]
[Round "1.60"]
[White "Hayrapetyan, Nvard"]
[Black "Yamada, Misaki"]
[Result "1-0"]
[TimeControl "2700+10"]
[WhiteElo "1530"]
[BlackElo "1462"]

1. d4 d5 2. c4 e6 3. Nc3 Be7 4. Nf3 Nf6 5. Bg5 h6 6. Bh4 O-O 7. e3 b6 8. cxd5 exd5 9. Qc2 Bb7 10. Bd3 Nbd7 11. O-O c5 12.
Rac1 Rc8 13. Bf5 Rc6 14. Rfd1 cxd4 15. exd4 Re8 16. Qb3 Rc8 17. Ne5 Nxe5 18. dxe5 Nd7 19. Bg3 Nc5 20. Qc2 Ra8 21.
b4 Nd7 22. Nxd5 Bxd5 23. Rxd5 Rc8 24. Qxc8 Qxc8 25. Rxc8 Rxc8 26. Rd1 Rc2 27. Bxc2 Bxb4 28. Rxd7 a5 29. Bb3 Kh8 30. Bc2 Kg8 31.
e6 fxe6 32. Bg6 Kf8 1-0

[Event "FIDE U16 Olympiad_boards_1-80"]
[Site "Eindhoven, Netherlands"]
[Date "2023.08.13"]
[Round "1.61"]
[White "Aswath, S"]
[Black "Mwase, Arthur"]
[Result "1-0"]
[TimeControl "2700+10"]
[WhiteElo "2229"]
[BlackElo "1504"]

1. d4 d5 2. c4 e6 3. g3 Bb4+ 4. Nd2 Nf6 5. Bg2 O-O 6. Ngf3 b6 7. O-O Bb7 8. a3 Bxd2 9. Nxd2 a5 10.
b3 Nc6 11. Bb2 Re8 12. Qc2 Rb8 13. Rfd1 Qd7 14. e4 Red8 15. e5 Ne8 16. cxd5 exd5 17. Nf1 g6 18. h4 Ng7 19. Rac1 Rbc8 20.
Ne3 Qe6 21. Kh2 Rb8 22. Bf3 h5 23. Ng2 Qf5 24. Nf4 Qxc2 25. Rxc2 Nf5 26. Ne2 Kg7 27. Rdc1 Nfe7 28. Bg2 Ba6 29.
Nf4 Bb7 30. a4 Ba8 31. Ba3 Nf5 32. Rxc6 Bxc6 33. Rxc6 Nxd4 34. Rxc7 Rbc8 35. Rb7 Rb8 36. Rxb8 Rxb8 37. Bxd5 b5 38.
axb5 Nxb5 39. Bb2 Kf8 40. e6 fxe6 41. Bxe6 Ke7 42. Bc4 Nd6 43. Be5 1-0

[Event "FIDE U16 Olympiad_boards_1-80"]
[Site "Eindhoven, Netherlands"]
[Date "2023.08.13"]
[Round "1.62"]
[White "Pido, Edwin"]
[Black "Adireddy, Arjun"]
[Result "1/2-1/2"]
[TimeControl "2700+10"]
[WhiteElo "1482"]
[BlackElo "1987"]

1. d4 d5 2. c4 c6 3. Nf3 Nf6 4. Nc3 e6 5. e3 Nbd7 6. Be2 dxc4 7. Bxc4 b5 8. Bd3 a6 9. O-O c5 10.
Re1 Bb7 11. Bd2 Bd6 12. Rc1 O-O 13. Qe2 h6 14. Red1 Qe7 15. Bc2 cxd4 16. exd4 Rac8 17. h3 Nb6 18. Ne4 Nxe4 19. Bxe4 Nc4 20.
Bxb7 Qxb7 21. b3 Nxd2 22. Qxd2 Qd5 23. Rxc8 Rxc8 24. Rc1 Rxc1+ 25. Qxc1 Qe4 26. Qc8+ Kh7 27. Qc1 Bf4 28. Qd1 Bc7 29. Ne1 f5 30. Nf3 Bb6 31. Ng5+ hxg5 32.
Qh5+ Kg8 33. Qe8+ Kh7 34. Qh5+ 1/2-1/2

[Event "FIDE U16 Olympiad_boards_1-80"]
[Site "Eindhoven, Netherlands"]
[Date "2023.08.13"]
[Round "1.63"]
[White "Harsh, Suresh"]
[Black "Ajiri, Nygaard"]
[Result "1-0"]
[TimeControl "2700+10"]
[WhiteElo "2158"]
[BlackElo "1591"]

1. e4 e5 2. Nf3 Nc6 3. Bb5 Nf6 4. d3 Bc5 5. O-O d6 6. c3 O-O 7. h3 Ne7 8. Bg5 Ng6 9. Nh4 h6 10.
Nxg6 fxg6 11. Bc4+ Kh7 12. Be3 Bxe3 13. fxe3 Qe7 14. Nd2 Bd7 15. Nf3 g5 16. Nh2 c6 17. Bb3 Rad8 18. Qe2 Be8 19.
Rf3 Bg6 20. Raf1 d5 21. exd5 e4 22. dxe4 Bxe4 23. R3f2 Nxd5 24. Nf3 Rfe8 25. Nd4 Bg6 26. Re1 Qxe3 27. Bxd5 Qxe2 28. Rfxe2 cxd5 29.
Re7 Be4 30. Rxb7 Rb8 31. Rxb8 Rxb8 32. Re2 Rb7 33. Rd2 Kg6 34. Nc6 h5 35. Kf2 Rf7+ 36. Ke3 Rc7 37. Nb4 Rd7 38. Kd4 Kf6 39.
Rf2+ Ke6 40. Na6 Kd6 41. Nc5 Re7 42. Re2 Bb1 43. Rxe7 Kxe7 44. Kxd5 Kf6 45. Ne4+ Kf5 46. Ng3 Kg6 47.
Ke5 h4 48. Nf1 Bxa2 49. Ne3 a5 50. c4 Bb3 51. c5 Ba4 52. Kd6 Kf6 53. c6 Bxc6 54. Kxc6 Ke5 55. Kb5 Kf4 56. Nf1 g4 57.
hxg4 Kxg4 58. Kxa5 g5 59. b4 h3 60. gxh3+ Kxh3 61. b5 1-0

[Event "FIDE U16 Olympiad_boards_1-80"]
[Site "Eindhoven, Netherlands"]
[Date "2023.08.13"]
[Round "1.64"]
[White "Nabirye, Caroline"]
[Black "Tejaswini, G"]
[Result "0-1"]
[TimeControl "2700+10"]
[WhiteElo "1287"]
[BlackElo "1733"]

1. e4 c5 2. Bc4 Nc6 3. Nc3 e6 4. Nf3 Be7 5. d3 d6 6. a3 Nf6 7. h3 h6 8. Bd2 O-O 9. O-O a6 10.
Nh2 d5 11. Ba2 b5 12. Qf3 b4 13. axb4 cxb4 14. Ne2 dxe4 15. Qg3 Bd6 16. Bf4 Nh5 17. Qe3 Nxf4 18. Nxf4 Qc7 19. g3 Bxf4 20.
Qxf4 Qxf4 21. gxf4 exd3 22. cxd3 Nd4 23. Kg2 Bb7+ 24. f3 Nc2 25. Rac1 Ne3+ 26. Kf2 Nxf1 27. Nxf1 Rac8 28. Rb1 Rc2+ 29. Kg3 Re2 30. Bc4 Rc8 31. b3 Bd5 32. Ra1 Bxc4 33.
bxc4 b3 34. Rb1 b2 35. f5 exf5 36. f4 a5 37. Kf3 Rce8 38. c5 a4 39. c6 a3 40. c7 a2 41. c8=Q Rxc8 42. Kxe2 axb1=Q 43. Nd2 Re8+ 44. Kf3 Qxd3+ 45. Kf2 Re2+ 46. Kf1 Qxd2 47. h4 Qd1# 0-1

[Event "FIDE U16 Olympiad_boards_1-80"]
[Site "Eindhoven, Netherlands"]
[Date "2023.08.13"]
[Round "1.65"]
[White "Tandeka, Shiloh"]
[Black "Asllani, Dorian"]
[Result "0-1"]
[TimeControl "2700+10"]
[WhiteElo "1433"]
[BlackElo "2109"]

1. e4 c5 2. Nc3 Nc6 3. f4 g6 4. Nf3 Bg7 5. Bb5 Nd4 6. O-O Nxb5 7. Nxb5 Nf6 8. Qe1 O-O 9. d3 d5 10.
e5 Ne8 11. Nc3 Nc7 12. Qh4 f6 13. exf6 exf6 14. Bd2 b5 15. d4 c4 16. Rae1 Bf5 17. Rc1 Qd7 18. Nd1 a5 19. Ne3 Be4 20.
Be1 Ra6 21. Nd2 f5 22. Nxe4 Bxd4 23. Rf3 fxe4 24. Rh3 Raf6 25. Kh1 Rxf4 26. Qxf4 Rxf4 27. Bxa5 Ne6 28. c3 Bxe3 29. Rxe3 Qa7 30.
Bb6 Qxb6 31. Re2 Nc5 32. g3 Rf3 33. Rd1 Nd3 34. Rdd2 Rf1+ 35. Kg2 Rg1+ 36. Kh3 Nf4+ 37. gxf4 Qe6+ 38.
f5 Qxf5+ 39. Kh4 Qg4# 0-1

[Event "FIDE U16 Olympiad_boards_1-80"]
[Site "Eindhoven, Netherlands"]
[Date "2023.08.13"]
[Round "1.66"]
[White "Mattenberger, Matthias"]
[Black "Kigundu, Ethan"]
[Result "1-0"]
[TimeControl "2700+10"]
[WhiteElo "2276"]
[BlackElo "1620"]

1. d4 d5 2. c4 e6 3. Nc3 Nf6 4. cxd5 exd5 5. Bg5 c6 6. e3 Be7 7. Bd3 h6 8. Bh4 O-O 9. Nge2 Re8 10.
Qc2 Nbd7 11. O-O b6 12. a4 a5 13. Rac1 Bb7 14. Rfd1 Nf8 15. h3 Ne4 16. Bxe7 Qxe7 17. Bxe4 dxe4 18.
Ng3 c5 19. d5 Rad8 20. Qxe4 Qxe4 21. Ngxe4 Ng6 22. Ng3 Re5 23. e4 Nf4 24. Rd2 h5 25. Nge2 Nxe2+ 26. Rxe2 f5 27. f3 Rd7 28.
Rd2 fxe4 29. fxe4 Rd8 30. Rf1 Rg5 31. Rf4 Bc8 32.
Kh2 Re5 33. Rdf2 Re7 34. R2f3 g5 35. Rf6 g4 36. R3f4 gxh3 37. gxh3 Rg7 38. Rxb6 Kh7 39. Rbf6 Rdg8 40. Rf7 Kg6 41.
Rxg7+ Rxg7 42. e5 Rb7 43. Rf6+ Kg7 44. Rf2 Re7 45. e6 Bb7 46. Kg3 Kg6 47. Kf4 Bxd5 48. Nxd5 Rxe6 49. Rc2 Re1 50.
Rxc5 Rf1+ 51. Kg3 Rg1+ 52. Kf2 Rb1 53. Rb5 h4 54. Nf4+ Kf6 55. Ng2 Rh1 56. Rxa5 Rxh3 57. Rb5 Rh1 58.
Ne3 h3 59. Nf1 1-0

[Event "FIDE U16 Olympiad_boards_1-80"]
[Site "Eindhoven, Netherlands"]
[Date "2023.08.13"]
[Round "1.67"]
[White "Mwase, Mathew"]
[Black "Manko, Mariia"]
[Result "0-1"]
[TimeControl "2700+10"]
[WhiteElo "1478"]
[BlackElo "1912"]

1. d4 Nf6 2. c4 c5 3. d5 b5 4.
cxb5 a6 5. bxa6 g6 6. Nc3 Bg7 7. e4 O-O 8. a7 Rxa7 9. Nf3 e6 10. Be2 exd5 11. exd5 d6 12. O-O Na6 13. h3 Nc7 14.
Bf4 Rb7 15. Qd2 Nfxd5 16. Nxd5 Rxb2 17. Bg5 Rxd2 18. Bxd8 Nxd5 19. Nxd2 Bxa1 20. Rxa1 Rxd8 21. a4 Nc3 22. Bf1 d5 23.
a5 c4 24. a6 Bd7 25. a7 Ra8 26. Bxc4 dxc4 27. Nxc4 Na4 28. Nb6 Nxb6 29. Rb1 Nc8 30.
Rb8 Rxa7 31. f4 Kg7 32. Kh2 Nd6 33. Rd8 Ne4 34. Rb8 Bc6 35. Rb2 h5 36. Rc2 Ba8 37. Rb2 h4 38. Kg1 Ra1+ 0-1

[Event "FIDE U16 Olympiad_boards_1-80"]
[Site "Eindhoven, Netherlands"]
[Date "2023.08.13"]
[Round "1.68"]
[White "Rappazzo, Johannes"]
[Black "Zuri, Tatiina"]
[Result "1-0"]
[TimeControl "2700+10"]
[WhiteElo "1776"]
[BlackElo "1297"]

1. e4 d6 2. d4 g6 3. Nc3 Bg7 4. Be3 Nf6 5. f3 O-O 6. Qd2 e5 7. Nge2 Nbd7 8. d5 Nb6 9. Ng3 h5 10.
Be2 Kh7 11. O-O-O Bd7 12. h4 a5 13. Nf1 Qe8 14. g4 hxg4 15. h5 Rh8 16. hxg6+ Kg8 17. Rxh8+ Bxh8 18. gxf7+ Qxf7 19. Nh2 gxf3 20.
Nxf3 Kf8 21. Ng5 Qg7 22. Ne6+ Bxe6 23. dxe6 Ke7 24. Bxb6 cxb6 25. Qxd6+ Ke8 26. Bb5+ Nd7 27. Bxd7+ Kd8 28.
Bb5+ Kc8 29. Qd8# 1-0

[Event "FIDE U16 Olympiad_boards_1-80"]
[Site "Eindhoven, Netherlands"]
[Date "2023.08.13"]
[Round "1.69"]
[White "Savicevs, Arsenijs"]
[Black "Antoniou, Rafail"]
[Result "0-1"]
[TimeControl "2700+10"]
[WhiteElo "2136"]
[BlackElo "1874"]

1. e4 c5 2. Nf3 e6 3. d4 cxd4 4. Nxd4 Nf6 5. Nc3 Nc6 6. Ndb5 Bc5 7. Bf4 O-O 8. Bc7 Qe7 9. Bd6 Bxd6 10.
Qxd6 Qd8 11. Qd2 d5 12. exd5 exd5 13. O-O-O Be6 14. Nd4 Rc8 15. g3 Nxd4 16. Qxd4 Qa5 17. Bd3 b5 18. Kb1 b4 19.
Ne2 Bg4 20. Rde1 Rfe8 21. Nc1 Rxe1 22. Rxe1 b3 23. c3 bxa2+ 24. Nxa2 Qc7 25. Nb4 Qd7 26. Re5 Rd8 27. Rg5 h6 28.
Re5 a5 29. Na6 Bf3 30. Nc5 Qh3 31. Nb7 Ra8 32. Qe3 Be4 33. Bxe4 dxe4 34. Nd6 Rd8 35. Qb6 Qd7 36. Nc4 Qd3+ 37.
Ka1 Rf8 38. Na3 Nd7 39. Qxa5 Nxe5 40. Qxe5 Qf1+ 41. Ka2 Qxf2 42. Qxe4 Qxh2 43. g4 Rb8 44. Nc4 h5 45. gxh5 Qxh5 46.
b4 Rc8 47. Qd4 Qb5 48. Kb3 Ra8 49.
Na5 Rb8 50. Qd6 g5 51. c4 Qe8 52. Qg3 f6 53. c5 Qb5 54. Nc6 Ra8 55. Qd6 Qa4+ 56. Kc4 Qa2+ 57. Kb5 Qa6# 0-1

[Event "FIDE U16 Olympiad_boards_1-80"]
[Site "Eindhoven, Netherlands"]
[Date "2023.08.13"]
[Round "1.70"]
[White "Daniil, Daniil"]
[Black "Adamovics, Aleksejs"]
[Result "0-1"]
[TimeControl "2700+10"]
[WhiteElo "1379"]
[BlackElo "2000"]

1. e4 c5 2. Nf3 Nc6 3. d4 cxd4 4. Nxd4 g6 5. Nc3 Bg7 6. Be3 Nf6 7. Be2 d6 8. h3 Qa5 9. O-O O-O 10.
Re1 Bd7 11. Nf3 Rac8 12. Qd2 Rfe8 13. Rad1 Qc7 14. a3 Na5 15. Bd4 e5 16. Be3 Nc4 17. Bxc4 Qxc4 18. Qxd6 Re6 19. Qd3 Qxd3 20.
Rxd3 a6 21. Red1 Bc6 22. Rd8+ Re8 23. Rxc8 Rxc8 24. Nd2 Rd8 25. f3 Nh5 26. Kf2 f5 27. g4 Nf4 28. Kg3 h5 29. h4 hxg4 30.
fxg4 fxe4 31. Rf1 Rc8 32. Rf2 Nd5 33. Nxd5 Bxd5 34. c3 b5 35. Re2 Rf8 36. Bg5 Kh7 37. Nxe4 Rf1 38. Nd2 Rg1+ 39. Kh3 Rh1+ 40. Kg3 Rd1 41.
Be3 Ra1 42. Nf3 Rd1 43. Rd2 Bxf3 44. Kxf3 Rh1 45. Bf2 Rb1 46. Ke4 Rf1 47. Kd5 Kg8 48. Kc6 Kf7 49. Kb6 Ke6 50. Kxa6 e4 51.
Kxb5 Bf8 52. a4 Ke5 53. Bg3 Ke6 54. Bf2 Ke5 55. Bg3 Ke6 56. Re2 Kd5 57. g5 Rf3 58. Be1 e3 59. a5 Ke4 60.
a6 Bd6 61. a7 Rf8 62. Kc6 Kd3 63. Rh2 Bxh2 64. Kb7 Ke2 65. a8=Q Rxa8 66. Kxa8 Kxe1 67. b4 Kd2 68. c4 e2 69. b5 e1=Q 70. b6 Qe8+ 71.
Ka7 Qb8+ 72. Ka6 Bg1 73. b7 Qa7+ 0-1

[Event "FIDE U16 Olympiad_boards_1-80"]
[Site "Eindhoven, Netherlands"]
[Date "2023.08.13"]
[Round "1.71"]
[White "Vingris, Mikelis"]
[Black "Karaolis, Andreas"]
[Result "1-0"]
[TimeControl "2700+10"]
[WhiteElo "2031"]
[BlackElo "1327"]

1. e4 e5 2. Bc4 Nc6 3. d3 Bc5 4. Nf3 Nf6 5. O-O d6 6. c3 h6 7. Nbd2 O-O 8. a4 a5 9. Re1 Re8 10.
Nf1 Bg4 11. Ng3 Ne7 12. h3 Bxf3 13. Qxf3 c6 14. Bxh6 Ng6 15. Nh5 Nxh5 16. Bxf7+ Kh7 17. Qxh5 Bxf2+ 18. Kxf2 Qf6+ 19. Bf4# 1-0

[Event "FIDE U16 Olympiad_boards_1-80"]
[Site "Eindhoven, Netherlands"]
[Date "2023.08.13"]
[Round "1.73"]
[White "Chunsukon, Viritpol"]
[Black "Smeets, Kobe"]
[Result "0-1"]
[TimeControl "2700+10"]
[WhiteElo "1542"]
[BlackElo "2193"]

1. e4 c5 2. Ne2 Nc6 3. Nbc3 e6 4. g3 Nf6 5. Bg2 d5 6. exd5 exd5 7. d4 cxd4 8. Nxd4 Be7 9. O-O O-O 10.
Re1 h6 11. Be3 Bg4 12. Nce2 Rc8 13. c3 Ne5 14. h3 Bd7 15. Nf4 Nc4 16. Bc1 Nb6 17. Nh5 Bd6 18. Nxf6+ Qxf6 19. Qh5 Rfe8 20.
Be3 Be5 21. Qf3 Qg6 22. Nb3 Bc6 23.
Bd4 Nc4 24. Re2 Bxd4 25. Nxd4 Rxe2 26. Qxe2 Re8 27. Qc2 Qxc2 28. Nxc2 Re2 29. Nb4 Rxb2 30. Nxd5 Bxd5 31. Bxd5 b5 32.
Bxc4 bxc4 33. Rd1 Rxa2 34. Rd8+ Kh7 35. Rc8 Ra4 36. Kg2 Kg6 37. Rc6+ Kf5 38. Kf3 Ke5 39. Ke3 Kd5 40. Rc7 Ra3 41.
Kd2 Ra2+ 42. Ke1 f5 43. Rxg7 Ke4 44. Rd7 Kf3 45. Rd4 Re2+ 46. Kd1 Rxf2 47. Rxc4 Kxg3 48. h4 f4 49. Ke1 Ra2 50. Rd4 f3 51.
Rd3 Kg2 52. Rd1 f2# 0-1

[Event "FIDE U16 Olympiad_boards_1-80"]
[Site "Eindhoven, Netherlands"]
[Date "2023.08.13"]
[Round "1.74"]
[White "Labruyere, Roger"]
[Black "Chiravanich, Pathee"]
[Result "1-0"]
[TimeControl "2700+10"]
[WhiteElo "2181"]
[BlackElo "1523"]

1. e4 c5 2. Nf3 d6 3.
Bb5+ Bd7 4. Bxd7+ Qxd7 5. c4 Nf6 6. Nc3 Nc6 7. d4 cxd4 8. Nxd4 e6 9. Be3 Be7 10. O-O O-O 11. Rc1 Rad8 12. f4 a6 13. Qe2 Rfe8 14. Rfd1 Bf8 15. Nf3 Qe7 16.
h3 h6 17. a3 Nh7 18. b4 f5 19. b5 fxe4 20. Nxe4 Nb8 21. Bb6 Rd7 22. a4 Qf7 23. Qe3 e5 24. fxe5 dxe5 25. Rxd7 Nxd7 26.
bxa6 bxa6 27. c5 Nhf6 28. a5 Nd5 29. Qb3 Kh8 30. Rd1 N7f6 31. Nxf6 Qxf6 32. Qxd5 e4 33. Nd4 e3 34. Qf3 Qg5 35. c6 Bd6 36. Ne2 Qe5 37. g3 Rf8 38. Qxf8+ Bxf8 39. c7 Qf5 40. Rf1 Qc8 41. Rc1 Qf5 42. Bxe3 Qf3 43. Bf2 Qxe2 44.
c8=Q Qf3 45. Re1 Kh7 46. Qc2+ Kh8 47. Qe4 Qf6 48. Qf4 Qd8 49. Qf7 Kh7 50. h4 Bb4 51. Re8 Qd1+ 52. Kh2 Qc2 53. Qg8+ Kg6 54. Re6+ Kh5 55. Qf7+ 1-0

[Event "FIDE U16 Olympiad_boards_1-80"]
[Site "Eindhoven, Netherlands"]
[Date "2023.08.13"]
[Round "1.75"]
[White "Jitwichian, Pataradit"]
[Black "Arnold, Rhys"]
[Result "0-1"]
[TimeControl "2700+10"]
[WhiteElo "1229"]
[BlackElo "1803"]

1. d4 d5 2. Nf3 Nf6 3. c4 e6 4.
Nc3 a6 5. cxd5 exd5 6. g3 Bd6 7. Bg2 c6 8.
O-O O-O 9. Bg5 h6 10. Bxf6 Qxf6 11. Re1 Qd8 12. Qc2 Be6 13. Rad1 Nd7 14. Nd2 Nf6 15. e4 dxe4 16. Ndxe4 Nxe4 17.
Nxe4 Bb4 18. Nc3 Rc8 19. a3 Bxc3 20. bxc3 Qa5 21. Qb2 b5 22. Qb4 Qc7 23. Re5 Rfd8 24. Rc5 Qb6 25. c4 a5 26.
Qb3 Rxd4 27. Rxd4 Qxc5 28. Qe3 Qe7 29. f4 Qf6 30. Rd6 bxc4 31. Bxc6 Rb8 32. Qd4 Qxd4+ 33. Rxd4 c3 34. Be4 Bb3 35.
Rd7 Rc8 36. Ra7 a4 37. Bf5 c2 38. Bxc2 Bxc2 39. Rb7 g6 40. Kf2 Bb3 41. Ke3 Rc2 42. Rb8+ Kg7 43. h4 Ra2 44. g4 Rxa3 45.
g5 hxg5 46. hxg5 Be6+ 47. Kd2 Rf3 48. Kc2 a3 49. Ra8 a2 50. Kb2 Rf2+ 51. Ka1 Rxf4 52. Ra5 Rf1+ 53. Kb2 a1=Q+ 54. Rxa1 Rxa1 55.
Kxa1 f6 0-1

[Event "FIDE U16 Olympiad_boards_1-80"]
[Site "Eindhoven, Netherlands"]
[Date "2023.08.13"]
[Round "1.76"]
[White "Gergin, Isafara"]
[Black "Kaewwattha, Natrada"]
[Result "0-1"]
[TimeControl "2700+10"]
[WhiteElo "1751"]
[BlackElo "1414"]

1. e4 c6 2. d4 d5 3. Nc3 dxe4 4.
Nxe4 Bf5 5. Ng3 Bg6 6.
h4 h6 7.
Nf3 Nd7 8. h5 Bh7 9. Bd3 Bxd3 10. Qxd3 e6 11. Bd2 Ngf6 12. O-O-O Be7 13. Ne4 Nxe4 14. Qxe4 Nf6 15. Qd3 Qb6 16.
Ne5 Nd5 17. Qf3 Bf6 18. Bf4 Nxf4 19. c4 Qa5 20. Kb1 Bxe5 21. dxe5 Qxe5 22. g3 Qf5+ 23. Ka1 Nxh5 24. Qxf5 exf5 25.
Rxh5 g6 26. Rhh1 Ke7 27. Rhe1+ Kf6 28. Rd7 Rhe8 29. Red1 Rab8 30. Kb1 Re2 31. f4 Re3 32. Rg1 Ke6 33. Rc7 g5 34. fxg5 hxg5 35.
Kc1 f4 36. gxf4 gxf4 37. Rf1 Re4 38. b3 f5 39. Kc2 Re2+ 40. Kb1 Re4 41. Kc2 Kd6 42. Rf7 Re2+ 43. Kb1 Ke6 44. Rg7 Rd8 45. Rxb7 Rdd2 46. Rxa7 Rf2 47.
Rxf2 Rxf2 48. Rh7 f3 49. Rh3 Rf1+ 50. Kb2 f2 51. Re3+ Kf6 52. Rf3 Kg5 53. Ka3 Kg4 54. Rd3 Re1 55.
Rd4+ f4 56. Rd2 f1=Q 0-1

[Event "FIDE U16 Olympiad_boards_1-80"]
[Site "Eindhoven, Netherlands"]
[Date "2023.08.13"]
[Round "1.77"]
[White "Kanov, Nikola"]
[Black "Kannappan, Thanneermalai"]
[Result "1-0"]
[TimeControl "2700+10"]
[WhiteElo "2283"]
[BlackElo "1713"]

1. e4 c5 2. Nf3 d6 3. d4 cxd4 4. Nxd4 Nf6 5. Nc3 g6 6. f3 Bg7 7. Be3 Nc6 8. Bc4 O-O 9. Qd2 Bd7 10.
Bb3 Rc8 11. O-O-O Ne5 12. Kb1 Nc4 13. Bxc4 Rxc4 14. h4 h5 15. g4 hxg4 16. h5 Nxh5 17. fxg4 Bxg4 18. Rdg1 Qc8 19. Nd5 Re8 20.
b3 e5 21. bxc4 exd4 22. Bxd4 Rxe4 23.
Bxg7 Kxg7 24. Qc3+ Re5 25. Rh4 f5 26. Re1 Qe6 27. Rhh1 Nf6 28. Nf4 Qe7 29. Nd3 Re3 30. Rxe3 Qxe3 31.
Re1 Qb6+ 32. Ka1 Kf7 33. c5 Qc7 34. Qb3+ d5 35. Ne5+ Kg7 36. Qc3 Bh5 37. c6 bxc6 38. Nxc6 Qd6 39.
Nd4 Kh6 40. Re6 Qd8 41. Qe3+ Kg7 42. Re7+ Kf8 43. Rxa7 Qd6 44. Qh6+ Ke8 45. Qh8+ Qf8 46. Ra8+ 1-0

[Event "FIDE U16 Olympiad_boards_1-80"]
[Site "Eindhoven, Netherlands"]
[Date "2023.08.13"]
[Round "1.78"]
[White "Poon, Pak Yu"]
[Black "Georgiev, Konstantin"]
[Result "1-0"]
[TimeControl "2700+10"]
[WhiteElo "1268"]
[BlackElo "1995"]

1. e4 Nc6 2. d4 d5 3. e5 Bf5 4. Nf3 e6 5. Be2 a6 6. O-O Nb4 7. Na3 c5 8. Bg5 Qd7 9. c4 dxc4 10.
Nxc4 Nd5 11. dxc5 Bxc5 12. Nd4 h6 13. Nxf5 exf5 14. e6 Qxe6 15. Bf3 Nde7 16. Bxe7 Nxe7 17. Bxb7 Rd8 18. Qa4+ Qd7 19.
Qxd7+ Rxd7 20. Bxa6 O-O 21. Rfe1 Rb8 22. a3 Nd5 23. Rad1 Rdd8 24. b4 Bf8 25. Ne5 Nc3 26. Rxd8 Rxd8 27.
Bc4 Rd2 28. Bxf7+ Kh7 29. Bg6+ Kg8 30. Bxf5 g5 31. g3 Ne2+ 32. Kg2 Nd4 33. Bb1 Nb5 34. Nc4 Rd4 35. Ba2 Kg7 36. Re5 Nc3 37. Bb3 Ne4 38. Ne3 Rd3 39.
Bc2 Rxe3 40. fxe3 Nc3 41. Kf3 Bd6 42. Re6 Bf8 43. Rc6 Nd5 44. e4 1-0

[Event "FIDE U16 Olympiad_boards_1-80"]
[Site "Eindhoven, Netherlands"]
[Date "2023.08.13"]
[Round "1.79"]
[White "Todev, Simeon"]
[Black "Li, Joy Ching"]
[Result "1-0"]
[TimeControl "2700+10"]
[WhiteElo "1932"]
[BlackElo "1401"]

1. e4 c5 2. Nf3 g6 3. c3 d5 4. exd5 Qxd5 5. d4 Bg7 6. Be3 cxd4 7. cxd4 Nf6 8. Nc3 Qa5 9. Be2 O-O 10.
O-O Nc6 11. Qd2 Rd8 12. Rfd1 Ng4 13. a3 Nxe3 14. fxe3 e6 15. b4 Qc7 16. Rac1 Qd6 17. Ne4 Qd5 18. Qc2 Ne7 19. Bc4 Qc6 20.
b5 Qb6 21. Qf2 Rf8 22. a4 Nf5 23. g4 Nd6 24. Nxd6 Qxd6 25. Qh4 Qa3 26. Bd3 Qxa4 27. Ng5 h6 28. Ne4 Bd7 29. Nc5 g5 30.
Qf2 Qa3 31. Nxd7 Rfc8 32. Rxc8+ Rxc8 33. Nf6+ Kh8 34. Qf3 Rc3 35. Qe4 Rxd3 36. Qh7# 1-0